 Dungeon Crawl Stone Soup version 0.31-a0-818-ge7c7cf74f0 (webtiles) character file.

Game seed: 12037250876014279237

841 Kurtz the Chopper (level 8, -4/52 HPs)
             Began as an Octopode Fighter on Sept 23, 2023.
             Was a Follower of Okawaru.
             Slain by a wraith (15 damage)
             ... in an ossuary.
             The game lasted 00:06:27 (4520 turns).

Kurtz the Chopper (Octopode Fighter)                Turns: 4520, Time: 00:06:27

Health: -4/52      AC:  1    Str: 18    XL:     8   Next: 0%
Magic:  7/9        EV: 15    Int: 10    God:    Okawaru [*.....]
Gold:   1394       SH: 10    Dex: 11    Spells: 7/7 levels left

rFire   . . .        a - +0 war axe
rCold   . . .        e - +0 kite shield
rNeg    . . .        (helmet restricted)
rPois   .            (no amulet)
rElec   .            (no ring)
rCorr   .            (no ring)
SInv    .            (no ring)
Will    .....        (no ring)
Stlth   ++++         (no ring)
HPRegen 0.28/turn    (no ring)
MPRegen 0.11/turn    (no ring)
                     (no ring)

%: no passive effects
@: heroic, slowed, very slow
A: almost no armour, amphibious, 8 rings, camouflage 1, gelatinous body 1,
(nimble swimmer 1), tentacles
a: Renounce Religion, Heroism


You were in an ossuary.
You worshipped Okawaru.
Okawaru was aware of your devotion.
You visited 2 branches of the dungeon, and saw 6 of its levels.
You also visited: Ossuary.

You collected 1394 gold pieces.

Inventory:

Hand Weapons
 a - a +0 war axe (weapon)
Missiles
 n - 2 javelins
 o - 2 boomerangs
Armour
 b - a +0 buckler
 e - a +0 kite shield (worn)
Jewellery
 m - a ring of fire
Wands
 l - a wand of polymorph (10)
Scrolls
 d - 3 scrolls of enchant weapon
 f - 5 scrolls of teleportation
 i - 2 scrolls of vulnerability
 p - a scroll of immolation {unknown}
 q - a scroll of revelation
Potions
 g - a potion of enlightenment
 h - 2 potions of attraction
 k - a potion of curing


   Skills:
 - Level 3.0(8.0) Fighting
 * Level 6.5(11.5) Axes
 * Level 4.8(9.8) Dodging
 * Level 4.8(9.8) Shields
 * Level 2.3 Invocations


You had 7 spell levels left.
You didn't know any spells.
Your spell library contained the following spells:

 Spells                   Type           Power      Damage    Failure   Level
 Ensorcelled Hibernation  Hex/Ice        0%         N/A       75%         2
 Passwall                 Tmut/Erth      0%         N/A       75%         2
 Wereblood                Tmut           0%         N/A       75%         2
 Swiftness                Air            0%         N/A       92%         3
 Irradiate                Conj/Tmut      0%         3d11      100%        5


Dungeon Overview and Level Annotations

Branches:
Dungeon (5/15)             Temple (1/1) D:4         Ossuary (1/1)

Altars:
Cheibriados
Dithmenos
Elyvilon
Gozag
Hepliaklqana
Kikubaaqudgha
Makhleb
Nemelex Xobeh
Okawaru
Qazlal
Ru
Sif Muna
Trog
Vehumet
Wu Jian
Yredelemnul
Zin
The Shining One

Annotations:
D:5 Grinder
Temple 4 transporters


Innate Abilities, Weirdness & Mutations

You cannot wear most types of armour.
You are amphibious.
You can wear up to eight rings at the same time.
Your skin changes colour to match your surroundings (Stealth+).
Your rubbery body absorbs attacks. (AC +1, EV +1)
((You are camouflaged when in or above water. (Stealth+)))
You have tentacles for arms and can constrict up to eight enemies at once.


Message History

You block the wraith's attack. The wraith hits you but does no damage.
You barely miss the wraith. Your squeeze misses the wraith.
The wraith is heavily damaged.
The wraith barely misses you. The wraith completely misses you.
You hit the wraith.
The wraith is severely damaged.
You block the wraith's attack. The wraith hits you.
The wraith drains your vigour!
You feel as though you will be slow longer.
You barely miss the wraith. Your squeeze misses the wraith.
The wraith is heavily damaged.
You block the wraith's attack. The wraith hits you.
The wraith drains your vigour!
You feel as though you will be slow longer.
You completely miss the wraith.
The wraith is heavily damaged.
The wraith hits you! The wraith closely misses you.
You hit the wraith. You squeeze the wraith.
The wraith is almost destroyed.
The wraith hits you! The wraith drains your vigour!
You feel as though you will be slow longer.
The wraith closely misses you.
You closely miss the wraith.
The wraith is almost destroyed.
The wraith hits you!
* * * LOW HITPOINT WARNING * * *
The wraith drains your vigour!
You feel as though you will be slow longer.
The wraith hits you!
* * * LOW HITPOINT WARNING * * *
You feel better. You block the wraith's attack. The wraith hits you.
* * * LOW HITPOINT WARNING * * *
The wraith drains your vigour!
You feel as though you will be slow longer.
You gain the combat prowess of a mighty hero.
You block the wraith's attack.
You barely miss the wraith. Your squeeze misses the wraith.
The wraith is almost destroyed.
The wraith closely misses you. The wraith hits you!
You die...

. ##.?.?.## . ..
.!?(!!. .. ...
.?... ... #...
... ...#
#...##'##...#
#.........# ..
..#####'#####...
.......W........
.......@........
######'''######
####...####
#..'...'..#
#..#...#..#
####...####
#...# #...#
#...#


You could see a wraith.

Vanquished Creatures
  Duvessa (D:4)
  An ogre (D:4)
  A phantom (D:4)
  2 scorpions
  Dowan (D:4)
  A gnoll bouda (D:5)
  Ijyb (D:4)
  An iguana (D:4)
  An orc wizard (D:4)
  A mummy (Ossuary)
  10 adders
  12 gnolls
  A worm (D:2)
  3 dart slugs
  13 orcs
  A bat (D:2)
  12 endoplasms
  3 giant cockroaches
  9 goblins
  3 hobgoblins
  5 kobolds
  5 quokkas
  3 ball pythons
  2 frilled lizards (D:3)
  3 gnoll skeletons (Ossuary)
  2 kobold skeletons (Ossuary)
  4 orc skeletons (Ossuary)
  5 rats
107 creatures vanquished.

Notes
Turn   | Place    | Note
-------+----------+-------------------------------------------
     0 | D:1      | Kurtz the Octopode Fighter began the quest for the Orb.
     0 | D:1      | Reached XP level 1. HP: 16/16 MP: 1/1
   288 | D:1      | Reached XP level 2. HP: 5/21 MP: 2/2
   631 | D:1      | HP: 1/21 [gnoll/+0 spear (6)]
   634 | D:1      | Reached XP level 3. HP: 3/26 MP: 3/3
  1590 | D:2      | Reached skill level 3 in Axes
  1716 | D:3      | Reached XP level 4. HP: 27/31 MP: 4/4
  2151 | D:3      | Reached XP level 5. HP: 36/36 MP: 5/5
  2606 | D:4      | Found a staircase to the Ecumenical Temple.
  2614 | Temple   | Found a transporter.
  2614 | Temple   | Found a transporter.
  2614 | Temple   | Found a transporter.
  2614 | Temple   | Found a transporter.
  2614 | Temple   | Entered the Ecumenical Temple
  2636 | Temple   | Became a worshipper of Warmaster Okawaru
  2713 | D:4      | Reached skill level 4 in Axes
  2784 | D:4      | Noticed Ijyb
  2791 | D:4      | Killed Ijyb
  2845 | D:4      | Noticed Dowan
  2846 | D:4      | Noticed Duvessa
  2847 | D:4      | Found a shimmering blue altar of Sif Muna.
  2855 | D:4      | Reached XP level 6. HP: 12/42 MP: 6/6
  2859 | D:4      | Killed Duvessa
  2860 | D:4      | Reached skill level 1 in Invocations
  2861 | D:4      | Killed Dowan
  2861 | D:4      | Reached * piety under Okawaru
  2862 | D:4      | Reached skill level 5 in Axes
  3042 | D:4      | Reached XP level 7. HP: 34/46 MP: 8/8
  3349 | D:4      | Reached skill level 6 in Axes
  3953 | D:5      | Entered Level 5 of the Dungeon
  3998 | D:5      | Identified a scroll of acquirement
  3999 | D:5      | Acquired 1202 gold pieces
  4276 | D:5      | Noticed Grinder
  4294 | D:5      | Found a sand-covered staircase.
  4303 | Ossuary  | Entered an ossuary
  4303 | Ossuary  | Noticed a wraith
  4303 | Ossuary  | Noticed a wraith
  4303 | Ossuary  | Noticed a wraith
  4392 | Ossuary  | Reached XP level 8. HP: 35/52 MP: 9/9
  4499 | Ossuary  | Noticed a wraith
  4520 | Ossuary  | Slain by a wraith

Illustrated notes

Levels and vault maps discovered:
D:1:      psy_arrival_statuary, layout_basic, minmay_misc_feat_chi,
          dreamdust_princess_corridor
D:2:      layout_loops_ring
D:3:      layout_basic, minmay_distorted
D:4:      layout_gridville, lemuel_round_altar, minmay_temple_entry_slanted,
          uniq_duvessa, uniq_ijyb
D:5:      layout_gridville, lightli_ossuary_entry_decrepit_ruins,
          kennysheep_opposing_triangles, uniq_grinder, uniq_crazy_yiuf_cottage
Temple:   hellmonk_temple_divided_pantheon
Ossuary:  ossuary_due_mausoleum

Skill      XL: |  1  2  3  4  5  6  7 |
---------------+----------------------+-----
Axes           | 3 4 5 6 |  6.5
Dodging        | 4 |  4.8
Shields        | 4 |  4.8
Invocations    | 1 2 |  2.3
Fighting       | |  3.0

Action                     |  1- 3 |  4- 6 |  7- 9 || total
---------------------------+-------+-------+-------++-------
  Melee: War axe           |    52 |    88 |    78 ||   218
         Constrict         |    14 |    12 |    18 ||    44
         Tentacles         |    10 |    15 |    13 ||    38
         Punch             |     1 |     1 |     2 ||     4
         Unarmed           |       |     2 |       ||     2
  Throw: Javelin           |       |       |     3 ||     3
         Throwing net      |       |       |     1 ||     1
 Invoke: Heroism           |       |       |     2 ||     2
    Use: Potion            |       |     3 |     3 ||     6
         Scroll            |       |       |     9 ||     9
   Stab: Sleeping          |     6 |     4 |     2 ||    12
         Distracted        |       |     1 |       ||     1
 Armour: Skin              |    24 |    45 |    43 ||   112
  Dodge: Dodged            |    30 |    44 |    47 ||   121
  Block: Kite shield       |    17 |    49 |    36 ||   102
         Buckler           |     1 |       |       ||     1

Table legend: (Time is in decaauts)
 A = Elapsed time spent in this place.
 B = Non-inter-level travel time spent in this place.
 C = Inter-level travel time spent in this place.
 D = Time resting spent in this place.
 E = Time spent auto-exploring this place.
 F = Levels seen in this place.
 G = Mean time per level.
                   A        B        C        D        E       F      G
               +--------+--------+--------+--------+--------+-----+--------+
         Total |   4623 |   4374 |    249 |    899 |   2431 |   7 |  660.4 |
       Dungeon |   4339 |   4107 |    232 |    839 |   2425 |   5 |  867.8 |
        Temple |     40 |     23 |     17 |      0 |      0 |   1 |   40.0 |
       Ossuary |    242 |    242 |      0 |     60 |      6 |   1 |  242.0 |
               +--------+--------+--------+--------+--------+-----+--------+

Top non-repeatable levels by time:
     D:4: 1409 daAuts
     D:1: 1052 daAuts
     D:3: 838 daAuts
     D:2: 682 daAuts
     D:5: 356 daAuts
 Ossuary: 242 daAuts
  Temple: 40 daAuts
